 Dungeon Crawl Stone Soup version 0.27-a0-1147-gb3d8e82157 (webtiles) character file.

Game seed: 9091793132487775878

17936 Gargoyl the Fighter (level 12, -1/97 HPs)
             Began as a Gnoll Abyssal Knight on May 11, 2021.
             Was an Elder of Lugonu.
             Slain by a bog body (27 damage)
             ... on level 2 of the Lair of Beasts.
             The game lasted 00:19:53 (19409 turns).

Gargoyl the Fighter (Gnoll Abyssal Knight)         Turns: 19409, Time: 00:19:55

Health: -1/97      AC: 20    Str: 15    XL:     12   Next: 53%
Magic:  20/20      EV:  9    Int: 11    God:    Lugonu [****..]
Gold:   491        SH:  6    Dex: 12    Spells: 25/25 levels left

rFire    + . .     SeeInvis .   i - +5 long sword (freeze)
rCold    . . .     Faith    .   s - +1 buckler {rPois}
rNeg     . . .     Spirit   .   D - +3 chain mail {rF+}
rPois    +         Reflect  .   (helmet restricted)
rElec    .         Harm     .   c - +1 cloak
rCorr    +         Rampage  .   (no gloves)
Will     .....                  m - +2 pair of boots
Stlth    ..........             (no amulet)
HPRegen  0.26/turn              d - ring of resist corrosion
MPRegen  0.17/turn              (no ring)

@: no status effects
A: fangs 1, strong nose, distributed training, horns 1, dopey 1, low mp 1
a: Renounce Religion, Depart the Abyss, Bend Space, Banish, Corrupt


You were on level 2 of the Lair of Beasts.
You worshipped Lugonu.
Lugonu was greatly pleased with you.
You visited 2 branches of the dungeon, and saw 12 of its levels.
You visited the Abyss 2 times.
You also visited: Sewer and Ossuary.

You collected 783 gold pieces.
You spent 292 gold pieces at shops.

Inventory:

Hand Weapons
 a - a +5 hand axe
 i - a +5 long sword of freezing (weapon)
 y - a +2 trident of venom
Missiles
 h - 41 poisoned darts (quivered)
 j - a throwing net
 p - 11 curare-tipped darts
Armour
 c - a +1 cloak (worn)
 m - a +2 pair of boots (worn)
 n - a +0 helmet
 s - a +1 buckler of poison resistance (worn)
 D - a +3 chain mail of fire resistance (worn)
 E - a +0 plate armour of poison resistance
Jewellery
 d - a ring of resist corrosion (left hand)
Wands
 g - a wand of paralysis (20)
 l - a wand of polymorph (4)
 r - a wand of mindburst (13)
 t - a wand of flame (24)
 w - a wand of digging (6)
 C - a wand of iceblast (3)
Scrolls
 e - 4 scrolls of identify
 f - 5 scrolls of fog
 o - 4 scrolls of teleportation
 u - 2 scrolls of silence
 v - 3 scrolls of magic mapping
 F - 2 scrolls of summoning
Potions
 b - 3 potions of ambrosia
 k - 5 potions of curing
 q - 2 potions of attraction
 x - 2 potions of might
 z - 2 potions of cancellation
 A - 2 potions of haste
 B - a potion of mutation
 G - a potion of flight


   Skills:
 + Level 9.9 Fighting
 + Level 7.4 Short Blades
 + Level 7.4 Long Blades
 + Level 8.8 Axes
 + Level 7.4 Maces & Flails
 + Level 7.4 Polearms
 + Level 7.4 Staves
 + Level 7.4 Slings
 + Level 7.4 Bows
 + Level 7.4 Crossbows
 + Level 7.4 Throwing
 + Level 8.8 Armour
 + Level 7.9 Dodging
 + Level 7.4 Stealth
 + Level 7.4 Shields
 + Level 7.4 Unarmed Combat
 + Level 7.4 Spellcasting
 + Level 6.1 Conjurations
 + Level 6.1 Hexes
 + Level 6.1 Summonings
 + Level 6.1 Necromancy
 + Level 6.1 Translocations
 + Level 6.1 Transmutations
 + Level 6.1 Fire Magic
 + Level 6.1 Ice Magic
 + Level 6.1 Air Magic
 + Level 6.1 Earth Magic
 + Level 6.1 Poison Magic
 + Level 9.3 Invocations
 + Level 7.4 Evocations


You had 25 spell levels left.
You didn't know any spells.
Your spell library contained the following spells:

 Spells                   Type           Power      Damage    Failure   Level
 Foxfire                  Conj/Fire      68%        2x1d7     19%         1
 Conjure Flame            Conj/Fire      17%        6-21      47%         3
 Inner Flame              Hex/Fire       17%        N/A       47%         3
 Sticky Flame             Conj/Fire      17%        2d4       87%         4
 Fireball                 Conj/Fire      8%         3d6       99%         5


Dungeon Overview and Level Annotations

Branches:
Dungeon (10/15)            Temple (0/1) D:4            Lair (2/6) D:10
  Swamp (0/4) Lair:2        Sewer (visited)         Ossuary (visited)
  Snake: Lair:2-4    Spider: Lair:2-4       Orc: D:9-12

Altars:
Hepliaklqana
Okawaru
Xom

Shops:
D:3 [   D:6 ?   D:9 :![

Annotations:
D:9 Joseph
Lair:1 2 transporters


Innate Abilities, Weirdness & Mutations

You have very sharp teeth.
Your uncanny sense of smell can sniff out nearby items.
Your experience applies equally to all skills.
You have a pair of small horns on your head.
You are dopey. (Int -2)
Your magical capacity is low. (-10% MP)


Message History

Unknown command.
You hit the bog body.
The bog body is almost destroyed.
The bog body closely misses you.
You hit the bog body.
You destroy the bog body!
Lugonu accepts your kill.
Unknown command.
You start resting.
You feel yourself speed up.
(D) Dungeon (T) Temple (L) Lair
Where to? (Enter - Lair:2 @ (x,y), ? - help)
There is a fountain of clear blue water here.
You see here a bog body corpse.
HP restored.
A swamp worm and a bog body come into view.
Found a staircase to the Swamp.
The swamp worm closely misses you.
You closely miss the swamp worm. Your headbutt misses the swamp worm.
The swamp worm bites you! You block the bog body's attack.
You barely miss the swamp worm. The swamp worm bites you!
The bog body touches you but does no damage.
You closely miss the swamp worm.
You bite the swamp worm, but do no damage.
The swamp worm bites you but does no damage.
You block the bog body's attack. You block the swamp worm's attack.
You closely miss the swamp worm. You block the bog body's attack.
The swamp worm bites you!
You slash the swamp worm! You freeze the swamp worm.
You bite the swamp worm, but do no damage.
The swamp worm is heavily wounded.
The bog body gestures at you while chanting.
The bolt of cold hits you!! The swamp worm barely misses you.
You hit the swamp worm. You freeze the swamp worm.
Your headbutt misses the swamp worm.
The swamp worm is heavily wounded.
The swamp worm bites you. The bog body touches you!
* * * LOW HITPOINT WARNING * * *
The bog body freezes you!!
You die...

#.....# ##.######<......#
#...[## #..P# #..P#P..# #....#
##.######..####.# .....#
P.##.##P..P###.# .....##
♣♣♣♣♣.......##..## P.....♣
♣♣♣♣♣♣♣♣♣♣♣♣♣♣♣...#..P# ##...♣♣
§§§≈≈≈≈≈≈≈≈≈≈≈♣♣♣..#.P# ##..♣
>§§....w.♣..†....⌠...## #...♣
§.§§...♣@..♣.♣...⌠....# ###..♣♣
§§≈♣≈≈≈n≈♣≈≈≈≈♣♣♣.....#
#.#...♣♣♣♣♣♣♣♣♣♣♣♣♣♣♣♣♣...#..##
..........♣♣♣♣♣♣♣♣.......##..#
#...#............♣###........#
#####............##..........#
#........................##
#......###.#P....#........# ###
#......#.................##


You could see a bog body and a swamp worm.

Vanquished Creatures
  Gastronok (Lair:2)
  Harold (D:9)
  The ghost of onwiheg the Fighter, a novice FoFi of Okawaru (D:8)
  Sonja (Lair:1)
  A bog body (Lair:2)
  Pikel (D:9)
  A black mamba (Lair:1)
  4 elephants (Lair:2)
  A komodo dragon (Lair:1)
  A rime drake (Lair:1)
  A troll (D:10)
  A hornet (D:9)
  7 blink frogs
  A meliai zombie (D:10)
  Grum (D:9)
  A wyvern (D:9)
  11 yaks
  2 basilisks
  A steam dragon (D:6)
  Menkaure (D:6)
  2 water moccasins
  Duvessa (D:7)
  2 sky beasts
  4 orc warriors
  Purgy (Sewer)
  2 black bears
  3 ogres
  3 necrophages
  2 wolves (D:9)
  5 centaurs
  A phantom (D:5)
  3 kobold brigands
  6 bullfrogs
  2 scorpions (D:5)
  Dowan (D:7)
  3 water moccasin zombies (Ossuary)
  7 wights
  9 killer bees (D:7)
  8 howler monkeys
  3 vampire bats (Lair:2)
  A lava snake (D:7)
  2 centaur zombies
  4 hounds
  2 gnoll shamans
  3 orc priests
  A bullfrog skeleton (D:6)
  6 iguanas
  A scorpion zombie (D:5)
  9 orc wizards
  A hound skeleton (D:4)
  2 mummies (Ossuary)
  Robin (D:4)
  15 gnolls
  14 adders
  2 shadow imps
  A white imp (D:5)
  2 ufetubi
  5 adder zombies (Ossuary)
  2 worms
  2 dart slugs (D:2)
  28 orcs
  6 ball pythons
  7 endoplasms
  6 giant cockroaches
  4 gnoll zombies (Ossuary)
  9 goblins
  13 hobgoblins
  19 kobolds
  3 quokkas
  12 bats
  2 frilled lizards (D:1)
  5 hobgoblin zombies (Ossuary)
  A kobold zombie (Ossuary)
  8 orc zombies (Ossuary)
  A rat (D:1)
308 creatures vanquished.

Vanquished Creatures (collateral kills)
  A lemure (D:9)
1 creature vanquished.

Vanquished Creatures (others)
  A howler monkey (D:10)
  An orc wizard (D:10)
  6 fungi
  7 plants
15 creatures vanquished.

Grand Total: 324 creatures vanquished

Notes
Turn   | Place    | Note
-------+----------+-------------------------------------------
     0 | Abyss:1  | Gargoyl the Gnoll Abyssal Knight began the quest for the
                  | Orb.
     0 | Abyss:1  | Reached XP level 1. HP: 23/23 MP: 3/3
    42 | Abyss:1  | Noticed a large abomination
   125 | Abyss:2  | Noticed an iron imp
   126 | Abyss:2  | Noticed a balrug
   130 | D:1      | Escaped the Abyss
   671 | D:1      | Reached XP level 2. HP: 25/29 MP: 5/5
  1251 | D:1      | Reached * piety under Lugonu
  1468 | D:1      | Reached XP level 3. HP: 35/35 MP: 6/6
  2163 | D:1      | Reached skill level 1 in Short Blades
  2163 | D:1      | Reached skill level 1 in Long Blades
  2163 | D:1      | Reached skill level 1 in Maces & Flails
  2163 | D:1      | Reached skill level 1 in Polearms
  2163 | D:1      | Reached skill level 1 in Staves
  2163 | D:1      | Reached skill level 1 in Slings
  2163 | D:1      | Reached skill level 1 in Bows
  2163 | D:1      | Reached skill level 1 in Crossbows
  2163 | D:1      | Reached skill level 1 in Throwing
  2163 | D:1      | Reached skill level 1 in Stealth
  2163 | D:1      | Reached skill level 1 in Shields
  2163 | D:1      | Reached skill level 1 in Unarmed Combat
  2163 | D:1      | Reached skill level 1 in Spellcasting
  2163 | D:1      | Reached skill level 1 in Evocations
  2237 | D:2      | HP: 1/35 [gnoll/+0 club (2)]
  2266 | D:2      | Reached XP level 4. HP: 3/41 MP: 7/7
  2932 | D:2      | Reached skill level 1 in Conjurations
  2932 | D:2      | Reached skill level 1 in Hexes
  2932 | D:2      | Reached skill level 1 in Summonings
  2932 | D:2      | Reached skill level 1 in Necromancy
  2932 | D:2      | Reached skill level 1 in Translocations
  2932 | D:2      | Reached skill level 1 in Transmutations
  2932 | D:2      | Reached skill level 1 in Fire Magic
  2932 | D:2      | Reached skill level 1 in Ice Magic
  2932 | D:2      | Reached skill level 1 in Air Magic
  2932 | D:2      | Reached skill level 1 in Earth Magic
  2932 | D:2      | Reached skill level 1 in Poison Magic
  3394 | D:2      | Reached XP level 5. HP: 47/47 MP: 8/8
  3870 | D:3      | Found Acruyluo's Antique Armour Shop.
  4242 | D:3      | Reached ** piety under Lugonu
  4276 | D:3      | Found a faded altar of an unknown god.
  4316 | D:3      | Reached skill level 5 in Invocations
  4347 | D:3      | Found a glowing drain.
  4355 | D:3      | Reached XP level 6. HP: 49/53 MP: 9/9
  4362 | Sewer    | Entered a sewer
  4499 | Sewer    | Reached skill level 5 in Axes
  4499 | Sewer    | Reached skill level 5 in Armour
  4578 | Sewer    | Noticed Purgy
  4599 | Sewer    | Killed Purgy
  5020 | D:4      | Noticed Robin
  5029 | D:4      | Killed Robin
  5143 | D:4      | Noticed a black bear
  5157 | D:4      | Killed a black bear
  5158 | D:4      | Reached XP level 7. HP: 41/60 MP: 10/10
  5388 | D:4      | Identified the +1 mace of Karma {pain, *Rage Will++}
  5718 | D:4      | Reached *** piety under Lugonu
  6026 | D:4      | Found a staircase to the Ecumenical Temple.
  6138 | D:5      | Entered Level 5 of the Dungeon
  6382 | D:5      | Reached XP level 8. HP: 22/67 MP: 12/12
  7751 | D:6      | Reached XP level 9. HP: 37/73 MP: 14/14
  7958 | D:6      | Found a sand-covered staircase.
  8057 | Ossuary  | Entered an ossuary
  8152 | Ossuary  | Reached **** piety under Lugonu
  8380 | D:6      | Gained mutation: Your body sometimes deteriorates upon
                  | taking damage. [potion of mutation]
  8380 | D:6      | Gained mutation: You have large cloven feet. [potion of
                  | mutation]
  8381 | D:6      | Lost mutation: Your body sometimes deteriorates upon taking
                  | damage. [potion of mutation]
  8381 | D:6      | Gained mutation: You are dopey. (Int -2) [potion of
                  | mutation]
  8381 | D:6      | Gained mutation: Your flesh is heat resistant. (rF+)
                  | [potion of mutation]
  8382 | D:6      | Lost mutation: You are dopey. (Int -2) [potion of mutation]
  8382 | D:6      | Lost mutation: You have large cloven feet. [potion of
                  | mutation]
  8382 | D:6      | Lost mutation: Your flesh is heat resistant. (rF+) [potion
                  | of mutation]
  8382 | D:6      | Gained mutation: You have a pair of small horns on your
                  | head. [potion of mutation]
  8382 | D:6      | Gained mutation: You are dopey. (Int -2) [potion of
                  | mutation]
  8382 | D:6      | Gained mutation: Your magical capacity is low. (-10% MP)
                  | [potion of mutation]
  8714 | D:6      | Found Cuaboxee's Magic Scroll Emporium.
  8723 | D:6      | Bought a scroll of enchant weapon for 105 gold pieces
  8815 | D:3      | Bought a shiny buckler for 187 gold pieces
  8889 | D:7      | Noticed Menkaure
  8901 | D:6      | Killed Menkaure
  8902 | D:6      | Reached skill level 5 in Dodging
 10086 | D:7      | Reached XP level 10. HP: 80/80 MP: 15/15
 10094 | D:7      | Noticed Dowan
 10095 | D:7      | Noticed Duvessa
 10113 | D:7      | Killed Duvessa
 10128 | D:7      | Killed Dowan
 10757 | D:8      | Reached skill level 5 in Short Blades
 10757 | D:8      | Reached skill level 5 in Long Blades
 10757 | D:8      | Reached skill level 5 in Maces & Flails
 10757 | D:8      | Reached skill level 5 in Polearms
 10757 | D:8      | Reached skill level 5 in Staves
 10757 | D:8      | Reached skill level 5 in Slings
 10757 | D:8      | Reached skill level 5 in Bows
 10757 | D:8      | Reached skill level 5 in Crossbows
 10757 | D:8      | Reached skill level 5 in Throwing
 10757 | D:8      | Reached skill level 5 in Stealth
 10757 | D:8      | Reached skill level 5 in Shields
 10757 | D:8      | Reached skill level 5 in Unarmed Combat
 10757 | D:8      | Reached skill level 5 in Spellcasting
 10757 | D:8      | Reached skill level 5 in Evocations
 11471 | D:8      | Reached ***** piety under Lugonu
 11486 | D:9      | Noticed Grum
 12173 | D:8      | Found a runed translucent door.
 12175 | D:8      | Noticed onwiheg's ghost (novice FoFi)
 12175 | D:8      | Noticed a centaur warrior
 12210 | D:8      | Killed onwiheg's ghost
 12213 | D:8      | Banished a centaur warrior
 12741 | D:9      | Killed Grum
 13047 | D:9      | Noticed Pikel
 13090 | D:9      | Killed Pikel
 13091 | D:9      | Reached XP level 11. HP: 67/87 MP: 17/17
 13208 | D:9      | Noticed Harold
 13231 | D:9      | Killed Harold
 13513 | D:9      | Reached skill level 5 in Conjurations
 13513 | D:9      | Reached skill level 5 in Hexes
 13513 | D:9      | Reached skill level 5 in Summonings
 13513 | D:9      | Reached skill level 5 in Necromancy
 13513 | D:9      | Reached skill level 5 in Translocations
 13513 | D:9      | Reached skill level 5 in Transmutations
 13513 | D:9      | Reached skill level 5 in Fire Magic
 13513 | D:9      | Reached skill level 5 in Ice Magic
 13513 | D:9      | Reached skill level 5 in Air Magic
 13513 | D:9      | Reached skill level 5 in Earth Magic
 13513 | D:9      | Reached skill level 5 in Poison Magic
 13789 | D:9      | Noticed Joseph
 14095 | D:9      | Found Jipt's Antique Armour Shop.
 14354 | D:9      | Found Fiatt's Book Emporium.
 14461 | D:9      | Found Otetuv's Distillery.
 14501 | D:10     | Entered Level 10 of the Dungeon
 15919 | D:10     | Found a staircase to the Lair.
 16038 | D:10     | Found a hazy altar of Hepliaklqana.
 16159 | Lair:1   | Entered Level 1 of the Lair of Beasts
 16576 | Lair:1   | Found an iron altar of Okawaru.
 16853 | Lair:1   | Found a transporter.
 16858 | Lair:1   | Noticed a fire crab
 17359 | Lair:1   | Noticed Sonja
 17372 | Lair:1   | Cast into level 1 of the Abyss (Sonja)
 17372 | Abyss:1  | Found a corrupted altar of Lugonu.
 17378 | Abyss:1  | Noticed a phantasmal warrior
 17381 | Lair:1   | Escaped the Abyss
 17387 | Lair:1   | Killed Sonja
 17432 | Lair:1   | Found a transporter.
 17804 | Lair:2   | Found a shimmering altar of Xom.
 17898 | Lair:2   | Noticed a bog body
 17936 | Lair:2   | Reached XP level 12. HP: 96/96 MP: 20/20
 18909 | Lair:2   | Noticed Gastronok
 18926 | Lair:2   | Killed Gastronok
 19396 | Lair:2   | Found a staircase to the Swamp.
 19409 | Lair:2   | Slain by a bog body

Illustrated notes

Levels and vault maps discovered:
D:1:      sevenhm_arrival_forest_fort_small_5, layout_loops_corners
D:2:      layout_basic
D:3:      layout_loops_ring, serial_shops, nicolae_shop_trees,
          portal_sewer_entry_d, hellmonk_ecumenical_altar_arch_garden,
          minmay_hedge_maze
D:4:      layout_basic, minmay_temple_entry_antechambers, uniq_robin
D:5:      layout_rooms, st_stairs_10, chequers_arboretum
D:6:      layout_basic, serial_shops, nicolae_shop_trees,
          nicolae_ossuary_entry_ruins
D:7:      layout_rooms, hangedman_decor_slide_cut, kennysheep_cross_bottleneck,
          minmay_crystal_room, uniq_duvessa, uniq_menkaure
D:8:      layout_loops_ring, ebering_ghost_inner_flame, minmay_splitting_lines
D:9:      layout_roguey, serial_shops, kennysheep_mini, shop, shop, uniq_joseph,
          uniq_pikel, uniq_grum, uniq_harold
D:10:     layout_basic, nicolae_overflow_hidden_temple, david_lair_generic
Lair:1:   gammafunk_cloud_chamber, layout_chaotic_city, basic_altar,
          lemuel_fruit_tree, uniq_sonja
Lair:2:   layout_chaotic_city, nicolae_swamp_entry_splash_gauntlet, basic_altar,
          roderic_batcave, wad_woods_road_01, uniq_erica, uniq_gastronok

Skill      XL: |  1  2  3  4  5  6  7  8  9 10 11 12 |
---------------+-------------------------------------+-----
Short Blades   | 1 2 3 4 5 6 7 |  7.4
Long Blades    | 1 2 3 4 5 6 7 |  7.4
Maces & Flails | 1 2 3 4 5 6 7 |  7.4
Polearms       | 1 2 3 4 5 6 7 |  7.4
Staves         | 1 2 3 4 5 6 7 |  7.4
Slings         | 1 2 3 4 5 6 7 |  7.4
Bows           | 1 2 3 4 5 6 7 |  7.4
Crossbows      | 1 2 3 4 5 6 7 |  7.4
Throwing       | 1 2 3 4 5 6 7 |  7.4
Stealth        | 1 2 3 4 5 6 7 |  7.4
Shields        | 1 2 3 4 5 6 7 |  7.4
Unarmed Combat | 1 2 3 4 5 6 7 |  7.4
Spellcasting   | 1 2 3 4 5 6 7 |  7.4
Evocations     | 1 2 3 4 5 6 7 |  7.4
Conjurations   | 1 2 3 4 5 6 |  6.1
Hexes          | 1 2 3 4 5 6 |  6.1
Summonings     | 1 2 3 4 5 6 |  6.1
Necromancy     | 1 2 3 4 5 6 |  6.1
Translocations | 1 2 3 4 5 6 |  6.1
Transmutations | 1 2 3 4 5 6 |  6.1
Fire Magic     | 1 2 3 4 5 6 |  6.1
Ice Magic      | 1 2 3 4 5 6 |  6.1
Air Magic      | 1 2 3 4 5 6 |  6.1
Earth Magic    | 1 2 3 4 5 6 |  6.1
Poison Magic   | 1 2 3 4 5 6 |  6.1
Dodging        | 3 4 5 6 7 |  7.9
Invocations    | 5 6 7 8 9 |  9.3
Axes           | 5 6 7 8 |  8.8
Armour         | 5 6 7 8 |  8.8
Fighting       | 7 8 9 |  9.9

Action                   |  1- 3 |  4- 6 |  7- 9 | 10-12 || total
-------------------------+-------+-------+-------+-------++-------
Melee: Hand axe          |   129 |   219 |   495 |   535 ||  1378
       Bite              |    12 |    12 |    62 |    72 ||   158
       Punch             |       |       |     1 |       ||     1
       Headbutt          |       |       |    17 |   124 ||   141
       Long sword        |       |       |       |   146 ||   146
Throw: Dart              |     1 |     7 |     9 |    26 ||    43
Invok: Depart the Abyss  |     1 |       |       |     1 ||     2
       Banish            |       |       |       |     6 ||     6
       Bend Space        |       |       |       |     1 ||     1
  Use: Scroll            |     2 |     6 |    12 |     6 ||    26
       Potion            |     2 |       |     8 |     7 ||    17
 Stab: Sleeping          |     1 |       |       |       ||     1
       Invisible         |       |       |       |     4 ||     4
Armor: Leather armour    |    41 |       |       |       ||    41
       Ring mail         |       |    85 |       |       ||    85
       Plate armour      |       |   122 |   415 |   182 ||   719
       Skin              |       |       |    43 |     3 ||    46
       Chain mail        |       |       |       |   278 ||   278
Dodge: Dodged            |    98 |   140 |   137 |   253 ||   628
Block: Buckler           |       |       |    45 |   226 ||   271
       Rpst.: Long sword |       |       |       |    21 ||    21

Table legend: (Time is in decaauts)
 A = Elapsed time spent in this place.
 B = Non-inter-level travel time spent in this place.
 C = Inter-level travel time spent in this place.
 D = Time resting spent in this place.
 E = Time spent auto-exploring this place.
 F = Levels seen in this place.
 G = Mean time per level.
                   A        B        C        D        E       F      G
               +--------+--------+--------+--------+--------+-----+--------+
         Total |  19455 |  19024 |    431 |   3398 |  12302 |  17 | 1144.4 |
       Dungeon |  15511 |  15120 |    391 |   3023 |   9589 |  10 | 1551.1 |
          Lair |   3270 |   3230 |     40 |    374 |   2386 |   2 | 1635.0 |
         Abyss |    138 |    138 |      0 |      0 |    113 |   3 |   46.0 |
         Sewer |    311 |    311 |      0 |      0 |    188 |   1 |  311.0 |
       Ossuary |    224 |    224 |      0 |      0 |     26 |   1 |  224.0 |
               +--------+--------+--------+--------+--------+-----+--------+

Top non-repeatable levels by time:
     D:7: 2060 daAuts
     D:8: 1923 daAuts
     D:2: 1884 daAuts
     D:1: 1866 daAuts
  Lair:2: 1717 daAuts
    D:10: 1643 daAuts
  Lair:1: 1553 daAuts
     D:9: 1498 daAuts
     D:4: 1380 daAuts
     D:5: 1256 daAuts
     D:6: 1086 daAuts
     D:3: 910 daAuts
   Sewer: 311 daAuts
 Ossuary: 224 daAuts
 Abyss:2: 81 daAuts
